Senators vs Marlies
Created - March 25, 2024 at 19:04
Goals
|
| Senators |
1 |
0 |
0 |
1 |
| Marlies |
2 |
2 |
1 |
5 |
|
Shots
|
| Senators |
12 |
11 |
10 |
33 |
| Marlies |
16 |
11 |
10 |
37 |
|
1st period
1. Marlies , Kole Sherwood 11 (Alex Formenton 10, Jeff Corbett 21) at 7:02
2. Senators , Zachary Sanford 57 (Christoph Bertschy 68, C.J Suess 26) at 13:05
3. Marlies , Tyler Benson 17 (Martin Necas 29) at 17:15 (PP)
Penalties :
Nikita Nesterov (Bel) for Hooking (Minor) at 16:46
2nd period
4. Marlies , Alex Formenton 16 (Kole Sherwood 10, Keaton Thompson 13) at 2:13
5. Marlies , Martin Necas 27 (Brendan Guhle 33, Aleksi Saarela 34) at 10:57
Penalties :
Aleksi Saarela (Tor) for Roughing (Minor) at 4:44, Zachary Sanford (Bel) for Hooking (Minor) at 11:19, Aleksi Saarela (Tor) for Interference (Minor) at 14:28, C.J Suess (Bel) for Tripping (Minor) at 16:02
3rd period
6. Marlies , Alex Formenton 17 (Jeff Corbett 22) at 1:29
Penalties :
Christoph Bertschy (Bel) for Tripping (Minor) at 6:47, Colton Sissons (Tor) for Holding (Minor) at 17:08
Goalie Stats
David Rittich (Bel), 32 saves from 37 shots - (0.865), L, 22-23-3, 60:00 minutes
Maxime Lagace (Tor), 32 saves from 33 shots - (0.970), W, 20-15-4, 60:00 minutes
Players Stats for Senators
Player Name G A P +/- PIM S H SB GA TA FO MP PP MP PK MP
------------------------------------------------------------------------------------
Anton Karlsson 0 0 0 0 0 3 0 0 0 1 0/0 8:52 0:00 1:50
Arttu Ruotsalainen 0 0 0 0 0 2 1 0 0 0 1/2 7:34 0:00 0:03
C.J Suess 0 1 1 -3 2 2 2 0 0 0 0/0 16:47 2:05 0:30
Carl Grundstrom 0 0 0 -3 0 1 4 0 0 0 0/0 15:06 2:06 0:00
Christoph Bertschy 0 1 1 1 2 0 2 0 0 1 16/37 23:44 3:26 2:17
Grant Besse 0 0 0 -1 0 3 0 0 0 0 1/1 10:11 0:00 0:00
Jacob De La Rose 0 0 0 -3 0 0 4 1 0 0 4/13 18:01 2:06 2:31
Jonas Siegenthaler 0 0 0 0 0 2 1 0 0 0 0/0 12:53 0:00 0:00
Joonas Lyytinen 0 0 0 -2 0 0 1 0 0 1 0/0 18:41 1:56 2:14
Jordan Schmaltz 0 0 0 -1 0 1 2 0 0 1 0/0 28:26 3:36 3:47
Keegan Lowe 0 0 0 -1 0 1 0 5 0 0 0/0 28:26 3:36 3:47
Kevin Rooney 0 0 0 -1 0 2 3 0 0 0 5/6 13:04 0:00 2:36
Marc Michaelis 0 0 0 -1 0 2 0 0 0 1 0/0 10:11 0:00 0:00
Mason Appleton 0 0 0 1 0 5 0 0 0 0 1/1 20:16 3:26 0:00
Mason Geertsen 0 0 0 0 0 0 1 0 0 0 0/0 12:53 0:00 0:00
Nikita Nesterov 0 0 0 -2 2 1 0 0 0 1 0/0 18:40 1:56 2:14
Tomas Hyka 0 0 0 0 0 1 1 1 0 1 0/0 6:43 0:00 0:00
Zachary Sanford 1 0 1 1 2 7 3 0 0 2 0/1 23:02 3:26 2:15
Players Stats for Marlies
Player Name G A P +/- PIM S H SB GA TA FO MP PP MP PK MP
------------------------------------------------------------------------------------
Aleksi Saarela 0 1 1 0 4 1 1 0 2 0 14/27 20:41 2:39 0:56
Alex Formenton 2 1 3 3 0 4 1 0 0 0 1/1 12:27 0:25 1:28
Brendan Guhle 0 1 1 0 0 4 2 1 0 0 0/0 28:51 3:31 3:11
Colton Sissons 0 0 0 0 2 2 1 0 0 0 10/16 19:24 3:37 2:04
Hugh McGing 0 0 0 0 0 2 2 0 0 0 0/0 7:52 0:00 0:00
Jeff Corbett 0 2 2 2 0 0 2 2 0 0 0/0 24:03 2:30 3:11
Joel Farabee 0 0 0 0 0 2 1 0 2 0 2/3 18:24 2:10 0:00
Keaton Thompson 0 1 1 1 0 0 0 1 0 0 0/0 11:09 0:00 0:00
Kole Sherwood 1 1 2 3 0 2 3 0 0 0 1/1 10:33 0:00 0:00
Logan Brown 0 0 0 3 0 3 1 0 0 0 3/7 12:47 0:00 2:12
Lucas Carlsson 0 0 0 1 0 0 0 1 0 0 0/0 11:27 0:00 0:00
Martin Necas 1 1 2 0 0 2 0 0 1 0 1/1 19:48 3:12 0:00
Mathieu Olivier 0 0 0 0 0 1 3 0 0 0 0/0 15:31 2:10 0:50
Matthew Highmore 0 0 0 0 0 0 2 0 1 0 1/3 8:49 0:35 0:20
Pierre-Olivier Joseph 0 0 0 0 0 9 4 0 1 0 0/0 24:48 3:31 2:21
Rasmus Dahlin 0 0 0 2 0 1 1 0 0 0 0/0 19:42 2:30 2:21
Tobias Lindberg 0 0 0 0 0 1 1 1 1 0 0/0 8:34 0:39 0:00
Tyler Benson 1 0 1 0 0 3 2 2 1 0 0/2 19:10 2:36 3:14
3 Stars
1 - Alex Formenton (Tor)
2 - Kole Sherwood (Tor)
3 - Maxime Lagace (Tor)
Power Play
Senators - 0 on 3 Attempt(s) - 0.00%
Marlies - 1 on 4 Attempt(s) - 25.00%
Penalty Kill
Senators - 3 on 4 Attempt(s) - 75.00%
- Score 0 goal in Penalty Kill
Marlies - 3 on 3 Attempt(s) - 100.00%
- Score 0 goal in Penalty Kill
Team Stat
Senators - Hits : 25 - Faceoff Wins : 28 - Blocked Shots : 7 - Penalty Minutes : 8
Marlies - Hits : 27 - Faceoff Wins : 33 - Blocked Shots : 8 - Penalty Minutes : 6
Official
Referees : Kelly Sutherland and Dan Kelly
Linesman : Ryan Galloway and Ryan Gibbons
Game Notes
No Game Note
Finance
Level 1 -- Attendance: 1876 (93.80%) -- Ticket Income $131,320
Level 2 -- Attendance: 940 (94.00%) -- Ticket Income $37,600
Total Attendance: 2816 (93.87%)
Total Ticket Income: $168,920
Other Income: $8,446
Total Income: $177,366
Senators
5 vs 5 Forward
Center Left Wing Right Wing Time % Phy DF OF
1 Christoph Bertschy Zachary Sanford Mason Appleton 40 0 2 3
2 Jacob De La Rose C.J Suess Carl Grundstrom 30 0 3 2
3 Kevin Rooney Marc Michaelis Grant Besse 20 0 3 2
4 Arttu Ruotsalainen Anton Karlsson Tomas Hyka 10 0 3 2
5 vs 5 Defense
Defense Defense Time % Phy DF OF
1 Jordan Schmaltz Keegan Lowe 40 0 2 3
2 Joonas Lyytinen Nikita Nesterov 30 0 3 2
3 Jonas Siegenthaler Mason Geertsen 20 0 3 2
4 Jordan Schmaltz Keegan Lowe 10 0 3 2
PowerPlay Forward
Center Left Wing Right Wing Time % Phy DF OF
1 Christoph Bertschy Zachary Sanford Mason Appleton 60 1 2 2
2 Jacob De La Rose C.J Suess Carl Grundstrom 40 1 2 2
PowerPlay Defense
Defense Defense Time % Phy DF OF
1 Jordan Schmaltz Keegan Lowe 60 1 2 2
2 Joonas Lyytinen Nikita Nesterov 40 1 2 2
Penalty Kill 4 Players Forward
Center Wing Time % Phy DF OF
1 Christoph Bertschy Zachary Sanford 60 1 2 2
2 Jacob De La Rose C.J Suess 40 1 2 2
Penalty Kill 4 Players Defense
Defense Defense Time % Phy DF OF
1 Jordan Schmaltz Keegan Lowe 60 1 2 2
2 Joonas Lyytinen Nikita Nesterov 40 1 2 2
Penalty Kill - 3 Players Forward
Forward Time % Phy DF OF
1 Christoph Bertschy 60 1 2 2
2 Jacob De La Rose 40 1 2 2
Penalty Kill - 3 Players Defense
Defense Defense Time % Phy DF OF
1 Jordan Schmaltz Keegan Lowe 60 1 2 2
2 Joonas Lyytinen Nikita Nesterov 40 1 2 2
4 vs 4 Forward
Center Wing Time % Phy DF OF
1 Christoph Bertschy Zachary Sanford 60 1 2 2
2 Jacob De La Rose C.J Suess 40 1 2 2
4 vs 4 Defense
Defense Defense Time % Phy DF OF
1 Jordan Schmaltz Keegan Lowe 60 1 2 2
2 Joonas Lyytinen Nikita Nesterov 40 1 2 2
Last Minutes Offensive
Center Left Wing Right Wing Defense Defense
Christoph Bertschy Zachary Sanford Mason Appleton Jordan Schmaltz Keegan Lowe
Last Minutes Defensive
Center Left Wing Right Wing Defense Defense
Christoph Bertschy Zachary Sanford Mason Appleton Jordan Schmaltz Keegan Lowe
Goaltenders
Starting : David Rittich
Backup : Arvid Soderblom
Extra Forwards
Normal : Kevin Rooney, Marc Michaelis, Mason Appleton - PP : Kevin Rooney, Marc Michaelis - PK : Kevin Rooney
Extra Defensemen
Normal : Nikita Nesterov, Jonas Siegenthaler, Mason Geertsen - PP : Nikita Nesterov - PK : Nikita Nesterov, Jonas Siegenthaler
Penalty Shots
Zachary Sanford, Christoph Bertschy, Jacob De La Rose, C.J Suess, Kevin Rooney
Custom OT Lines Forwards
Zachary Sanford, Christoph Bertschy, Jacob De La Rose, C.J Suess, Kevin Rooney, Marc Michaelis, Mason Appleton, Carl Grundstrom, Grant Besse, Anton Karlsson
Custom OT Lines Defensemen
Jordan Schmaltz, Keegan Lowe, Joonas Lyytinen, Nikita Nesterov, Jonas Siegenthaler
Scratches
David Kase (Healthy), Akil Thomas (Healthy), Ivan Morozov (Healthy), Gustav Forsling (Healthy), Martin Fehervary (Healthy)
Alec Regula (Healthy), Vitaly Abramov (Healthy), Cliff Pu (Healthy), Bryce Kindopp (Healthy), Olivier Rodrigue (Healthy)
Olle Eriksson Ek (Healthy)
Marlies
5 vs 5 Forward
Center Left Wing Right Wing Time % Phy DF OF
1 Aleksi Saarela Joel Farabee Martin Necas 40 1 2 2
2 Colton Sissons Tyler Benson Mathieu Olivier 30 1 2 2
3 Logan Brown Alex Formenton Kole Sherwood 20 1 2 2
4 Matthew Highmore Hugh McGing Tobias Lindberg 10 1 2 2
5 vs 5 Defense
Defense Defense Time % Phy DF OF
1 Brendan Guhle Pierre-Olivier Joseph 40 1 2 2
2 Jeff Corbett Rasmus Dahlin 30 1 2 2
3 Keaton Thompson Lucas Carlsson 20 1 2 2
4 Brendan Guhle Jeff Corbett 10 1 2 2
PowerPlay Forward
Center Left Wing Right Wing Time % Phy DF OF
1 Colton Sissons Tyler Benson Martin Necas 60 1 1 3
2 Aleksi Saarela Joel Farabee Mathieu Olivier 40 1 1 3
PowerPlay Defense
Defense Defense Time % Phy DF OF
1 Brendan Guhle Pierre-Olivier Joseph 60 1 1 3
2 Jeff Corbett Rasmus Dahlin 40 1 1 3
Penalty Kill 4 Players Forward
Center Wing Time % Phy DF OF
1 Colton Sissons Tyler Benson 60 1 2 2
2 Logan Brown Mathieu Olivier 40 1 2 2
Penalty Kill 4 Players Defense
Defense Defense Time % Phy DF OF
1 Brendan Guhle Jeff Corbett 60 1 2 2
2 Pierre-Olivier Joseph Rasmus Dahlin 40 1 2 2
Penalty Kill - 3 Players Forward
Forward Time % Phy DF OF
1 Colton Sissons 60 1 2 2
2 Tyler Benson 40 1 2 2
Penalty Kill - 3 Players Defense
Defense Defense Time % Phy DF OF
1 Brendan Guhle Jeff Corbett 60 1 2 2
2 Pierre-Olivier Joseph Rasmus Dahlin 40 1 2 2
4 vs 4 Forward
Center Wing Time % Phy DF OF
1 Colton Sissons Martin Necas 60 1 2 2
2 Logan Brown Mathieu Olivier 40 1 2 2
4 vs 4 Defense
Defense Defense Time % Phy DF OF
1 Brendan Guhle Pierre-Olivier Joseph 60 1 2 2
2 Jeff Corbett Rasmus Dahlin 40 1 2 2
Last Minutes Offensive
Center Left Wing Right Wing Defense Defense
Colton Sissons Joel Farabee Martin Necas Brendan Guhle Pierre-Olivier Joseph
Last Minutes Defensive
Center Left Wing Right Wing Defense Defense
Colton Sissons Tyler Benson Mathieu Olivier Brendan Guhle Lucas Carlsson
Goaltenders
Starting : Maxime Lagace
Backup : Veini Vehvilainen
Extra Forwards
Normal : Kole Sherwood, Tyler Benson, Martin Necas - PP : Mathieu Olivier, Martin Necas - PK : Logan Brown
Extra Defensemen
Normal : Lucas Carlsson, Keaton Thompson, Rasmus Dahlin - PP : Lucas Carlsson - PK : Lucas Carlsson, Keaton Thompson
Penalty Shots
Joel Farabee, Aleksi Saarela, Martin Necas, Colton Sissons, Mathieu Olivier
Custom OT Lines Forwards
Colton Sissons, Joel Farabee, Aleksi Saarela, Martin Necas, Logan Brown, Tyler Benson, Mathieu Olivier, Matthew Highmore, Kole Sherwood, Alex Formenton
Custom OT Lines Defensemen
Pierre-Olivier Joseph, Brendan Guhle, Rasmus Dahlin, Jeff Corbett, Keaton Thompson
Scratches
Isac Lundestrom (Healthy), Brycen Martin (Healthy), Marc McLaughlin (Healthy), Jonathan Gruden (Healthy), Dennis Gilbert (Healthy)
Henri Ikonen (Healthy), Jaden Lindo (Healthy), Jakob Forsbacka-Karlsson (Healthy), Dmitri Samorukov (Healthy), Jacob Bernard-Docker (Healthy)
Radovan Bondra (Healthy), Xavier Bernard (Healthy), Mike Hardman (Healthy), Otto Koivula (Healthy), Jonathan Davidsson (Healthy)
Jan Jenik (Healthy), Logan Thompson (Healthy), Matthew Thiessen (Healthy)
% Time on Ice - Senators
Lines # - Real PCT - Wanted PCT - Time Play
Normal Forward
1 - 38% - 40% - 18:08
2 - 27% - 30% - 13:00
3 - 21% - 20% - 10:11
4 - 14% - 10% - 6:43
Normal Defense
1 - 39% - 40% - 18:36
2 - 30% - 30% - 14:31
3 - 27% - 20% - 12:53
4 - 4% - 10% - 2:02
PP Forward
1 - 62% - 60% - 3:26
2 - 38% - 40% - 2:06
PP Defense
1 - 65% - 60% - 3:36
2 - 35% - 40% - 1:56
PK Forward
1 - 85% - 60% - 5:08
2 - 15% - 40% - 0:53
PK Defense
1 - 63% - 60% - 3:47
2 - 37% - 40% - 2:14
PK3 Forward
1 - 0% - 60%
2 - 0% - 40%
PK3 Defense
1 - 0% - 60%
2 - 0% - 40%
44 Forward
1 - 100% - 60% - 0:25
2 - 0% - 40% - 0:00
44 Defense
1 - 100% - 60% - 0:25
2 - 0% - 40% - 0:00
Last Minute Offensive - 0:00
Last Minute Defensive - 0:00
Total
Forward - 60:00
Defense - 60:00
|
% Time on Ice - Marlies
Lines # - Real PCT - Wanted PCT - Time Play
Normal Forward
1 - 36% - 40% - 17:06
2 - 26% - 30% - 12:31
3 - 22% - 20% - 10:33
4 - 16% - 10% - 7:52
Normal Defense
1 - 40% - 40% - 19:01
2 - 31% - 30% - 14:51
3 - 23% - 20% - 11:09
4 - 6% - 10% - 3:01
PP Forward
1 - 64% - 60% - 3:51
2 - 36% - 40% - 2:10
PP Defense
1 - 58% - 60% - 3:31
2 - 42% - 40% - 2:30
PK Forward
1 - 85% - 60% - 4:42
2 - 15% - 40% - 0:50
PK Defense
1 - 58% - 60% - 3:11
2 - 42% - 40% - 2:21
PK3 Forward
1 - 0% - 60%
2 - 0% - 40%
PK3 Defense
1 - 0% - 60%
2 - 0% - 40%
44 Forward
1 - 100% - 60% - 0:25
2 - 0% - 40% - 0:00
44 Defense
1 - 100% - 60% - 0:25
2 - 0% - 40% - 0:00
Last Minute Offensive - 0:00
Last Minute Defensive - 0:00
Total
Forward - 60:00
Defense - 60:00
|
Play-by-Play
1st period
0:01 of 1st period - Christoph Bertschy wins face-off versus Aleksi Saarela in neutral zone.
1:10 of 1st period - Rasmus Dahlin is hit by Jacob De La Rose and loses puck.
2:06 of 1st period - Snap shot by Colton Sissons.
2:06 of 1st period - Stopped by David Rittich with a rebound.
2:08 of 1st period - Slapshot by Rasmus Dahlin.
2:08 of 1st period - Stopped by David Rittich without a rebound.
2:09 of 1st period - Kevin Rooney wins face-off versus Aleksi Saarela in Senators zone.
2:34 of 1st period - Joonas Lyytinen is hit by Hugh McGing and loses puck.
2:39 of 1st period - Slapshot by Pierre-Olivier Joseph.
2:39 of 1st period - Shot Blocked by Tomas Hyka.
2:41 of 1st period - Wrist shot by Tobias Lindberg.
2:41 of 1st period - Stopped by David Rittich without a rebound.
2:42 of 1st period - Christoph Bertschy wins face-off versus Joel Farabee in Senators zone.
2:59 of 1st period - Snap shot by Christoph Bertschy.
2:59 of 1st period - Shot Misses the Net.
3:30 of 1st period - Arttu Ruotsalainen is hit by Tobias Lindberg and loses puck.
4:23 of 1st period - Kole Sherwood is hit by C.J Suess and loses puck.
4:30 of 1st period - Snap shot by Jacob De La Rose.
4:30 of 1st period - Shot Misses the Net.
4:32 of 1st period - Wrist shot by C.J Suess.
4:32 of 1st period - Shot Misses the Net.
4:34 of 1st period - Slapshot by Jordan Schmaltz.
4:34 of 1st period - Shot Misses the Net.
5:00 of 1st period - Grant Besse is hit by Brendan Guhle and loses puck.
5:21 of 1st period - Joonas Lyytinen is hit by Brendan Guhle and loses puck.
5:57 of 1st period - Snap shot by Arttu Ruotsalainen.
5:57 of 1st period - Stopped by Maxime Lagace with a rebound.
5:59 of 1st period - Slapshot by Mason Geertsen.
5:59 of 1st period - Deflect By Tomas Hyka.
5:59 of 1st period - Shot Blocked by Lucas Carlsson.
5:59 of 1st period - Puck is out of play.
6:00 of 1st period - Aleksi Saarela wins face-off versus Christoph Bertschy in Marlies zone.
6:00 of 1st period - Aleksi Saarela is hit by Joonas Lyytinen.
6:29 of 1st period - Mathieu Olivier is hit by Carl Grundstrom and loses puck.
6:38 of 1st period - Wrist shot by C.J Suess.
6:38 of 1st period - Stopped by Maxime Lagace with a rebound.
6:50 of 1st period - Backhand shot by Kole Sherwood.
6:50 of 1st period - Deflect By Alex Formenton.
6:50 of 1st period - Stopped by David Rittich without a rebound.
6:51 of 1st period - Kevin Rooney wins face-off versus Logan Brown in Senators zone.
7:02 of 1st period - Slapshot by Kole Sherwood.
7:02 of 1st period - Goal by Kole Sherwood - Senators : 0 - Marlies : 1.
7:03 of 1st period - Aleksi Saarela wins face-off versus Christoph Bertschy in neutral zone.
7:10 of 1st period - Wrist shot by Zachary Sanford.
7:10 of 1st period - Stopped by Maxime Lagace with a rebound.
7:35 of 1st period - Slapshot by Pierre-Olivier Joseph.
7:35 of 1st period - Stopped by David Rittich with a rebound.
7:37 of 1st period - Snap shot by Pierre-Olivier Joseph.
7:37 of 1st period - Stopped by David Rittich with a rebound.
7:39 of 1st period - Snap shot by Pierre-Olivier Joseph.
7:39 of 1st period - Stopped by David Rittich with a rebound.
8:37 of 1st period - Snap shot by Tyler Benson.
8:37 of 1st period - Stopped by David Rittich with a rebound.
9:19 of 1st period - Carl Grundstrom is hit by Aleksi Saarela and loses puck.
9:26 of 1st period - Snap shot by Aleksi Saarela.
9:26 of 1st period - Shot Misses the Net.
9:44 of 1st period - Backhand shot by Anton Karlsson.
9:44 of 1st period - Stopped by Maxime Lagace with a rebound.
9:46 of 1st period - Slapshot by Jordan Schmaltz.
9:46 of 1st period - Shot Blocked by Jeff Corbett.
10:27 of 1st period - Wrist shot by Mason Appleton.
10:27 of 1st period - Stopped by Maxime Lagace with a rebound.
10:29 of 1st period - Wrist shot by Jonas Siegenthaler.
10:29 of 1st period - Deflect By Zachary Sanford.
10:29 of 1st period - Stopped by Maxime Lagace with a rebound.
10:41 of 1st period - Snap shot by Christoph Bertschy.
10:41 of 1st period - Shot Blocked by Keaton Thompson.
10:43 of 1st period - Slapshot by Jonas Siegenthaler.
10:43 of 1st period - Stopped by Maxime Lagace without a rebound.
10:44 of 1st period - Aleksi Saarela wins face-off versus Jacob De La Rose in Marlies zone.
10:49 of 1st period - Slapshot by C.J Suess.
10:49 of 1st period - Shot Misses the Net.
10:51 of 1st period - Slapshot by Keegan Lowe.
10:51 of 1st period - Shot Misses the Net.
10:57 of 1st period - Wrist shot by Jacob De La Rose.
10:57 of 1st period - Shot Hit the Post.
10:59 of 1st period - Slapshot by Keegan Lowe.
10:59 of 1st period - Shot Misses the Net.
11:09 of 1st period - Marc Michaelis is hit by Mathieu Olivier and loses puck.
11:20 of 1st period - Kevin Rooney is hit by Tyler Benson and loses puck.
11:44 of 1st period - Slapshot by Tomas Hyka.
11:44 of 1st period - Stopped by Maxime Lagace with a rebound.
12:02 of 1st period - Wrist shot by Logan Brown.
12:02 of 1st period - Stopped by David Rittich without a rebound.
12:03 of 1st period - Aleksi Saarela wins face-off versus Christoph Bertschy in Senators zone.
12:27 of 1st period - Icing by Joel Farabee.
12:28 of 1st period - Colton Sissons wins face-off versus Jacob De La Rose in Marlies zone.
13:05 of 1st period - Snap shot by Zachary Sanford.
13:05 of 1st period - Goal by Zachary Sanford - Senators : 1 - Marlies : 1.
13:06 of 1st period - Christoph Bertschy wins face-off versus Aleksi Saarela in neutral zone.
13:32 of 1st period - Pierre-Olivier Joseph is hit by C.J Suess and loses puck.
14:21 of 1st period - Snap shot by Anton Karlsson.
14:21 of 1st period - Stopped by Maxime Lagace without a rebound.
14:22 of 1st period - Martin Necas wins face-off versus Christoph Bertschy in Marlies zone.
14:27 of 1st period - Wrist shot by Joel Farabee.
14:27 of 1st period - Stopped by David Rittich with a rebound.
14:29 of 1st period - Slapshot by Aleksi Saarela.
14:29 of 1st period - Shot Misses the Net.
14:35 of 1st period - Snap shot by Aleksi Saarela.
14:35 of 1st period - Shot Misses the Net.
14:37 of 1st period - Slapshot by Brendan Guhle.
14:37 of 1st period - Stopped by David Rittich without a rebound.
14:38 of 1st period - Jacob De La Rose wins face-off versus Colton Sissons in Senators zone.
15:03 of 1st period - Jeff Corbett is hit by Zachary Sanford and loses puck.
15:26 of 1st period - Slapshot by Alex Formenton.
15:26 of 1st period - Shot Misses the Net.
15:28 of 1st period - Slapshot by Pierre-Olivier Joseph.
15:28 of 1st period - Stopped by David Rittich without a rebound.
15:29 of 1st period - Logan Brown wins face-off versus Kevin Rooney in Senators zone.
15:55 of 1st period - Kole Sherwood is hit by Jordan Schmaltz and loses puck.
16:04 of 1st period - Snap shot by Grant Besse.
16:04 of 1st period - Stopped by Maxime Lagace without a rebound.
16:05 of 1st period - Aleksi Saarela wins face-off versus Christoph Bertschy in Marlies zone.
16:05 of 1st period - Aleksi Saarela is hit by Christoph Bertschy.
16:46 of 1st period - Minor Penalty to Nikita Nesterov for Hooking.
16:47 of 1st period - Colton Sissons wins face-off versus Christoph Bertschy in Senators zone.
17:15 of 1st period - Slapshot by Tyler Benson.
17:15 of 1st period - Goal by Tyler Benson - Senators : 1 - Marlies : 2.
17:16 of 1st period - Christoph Bertschy wins face-off versus Aleksi Saarela in neutral zone.
17:49 of 1st period - Wrist shot by C.J Suess.
17:49 of 1st period - Stopped by Maxime Lagace without a rebound.
17:50 of 1st period - Colton Sissons wins face-off versus Christoph Bertschy in Marlies zone.
18:37 of 1st period - Off-side.
18:38 of 1st period - Grant Besse wins face-off versus Logan Brown in neutral zone.
18:48 of 1st period - Wrist shot by Kole Sherwood.
18:48 of 1st period - Deflect By Keegan Lowe.
18:48 of 1st period - Stopped by David Rittich without a rebound.
18:49 of 1st period - Aleksi Saarela wins face-off versus Christoph Bertschy in Senators zone.
18:50 of 1st period - Snap shot by Joel Farabee.
18:50 of 1st period - Shot Hit the Post.
18:52 of 1st period - Backhand shot by Martin Necas.
18:52 of 1st period - Shot Blocked by Keegan Lowe.
19:17 of 1st period - Icing by Carl Grundstrom.
19:18 of 1st period - Jacob De La Rose wins face-off versus Colton Sissons in Senators zone.
19:33 of 1st period - Slapshot by Colton Sissons.
19:33 of 1st period - Deflect By Tyler Benson.
19:33 of 1st period - Stopped by David Rittich without a rebound.
19:34 of 1st period - Aleksi Saarela wins face-off versus Christoph Bertschy in Senators zone.
Goals for this period are 1 for Senators vs 2 for Marlies.
Shots for this period are 12 for Senators vs 16 for Marlies.
2nd period
0:01 of 2nd period - Mason Appleton wins face-off versus Aleksi Saarela in neutral zone.
0:14 of 2nd period - Wrist shot by Joel Farabee.
0:14 of 2nd period - Shot Misses the Net.
0:26 of 2nd period - Keegan Lowe is hit by Tyler Benson and loses puck.
0:35 of 2nd period - Wrist shot by Mathieu Olivier.
0:35 of 2nd period - Stopped by David Rittich without a rebound.
0:36 of 2nd period - Kevin Rooney wins face-off versus Aleksi Saarela in Senators zone.
0:55 of 2nd period - Rasmus Dahlin is hit by Kevin Rooney and loses puck.
1:15 of 2nd period - Off-side.
1:16 of 2nd period - Colton Sissons wins face-off versus Christoph Bertschy in neutral zone.
1:31 of 2nd period - Wrist shot by Pierre-Olivier Joseph.
1:31 of 2nd period - Stopped by David Rittich with a rebound.
1:56 of 2nd period - Snap shot by Anton Karlsson.
1:56 of 2nd period - Shot Misses the Net.
2:08 of 2nd period - Joonas Lyytinen is hit by Kole Sherwood and loses puck.
2:13 of 2nd period - Snap shot by Kole Sherwood.
2:13 of 2nd period - Deflect By Alex Formenton.
2:13 of 2nd period - Goal by Alex Formenton - Senators : 1 - Marlies : 3.
2:14 of 2nd period - Aleksi Saarela wins face-off versus Zachary Sanford in neutral zone.
2:41 of 2nd period - Aleksi Saarela is hit by Kevin Rooney and loses puck.
2:48 of 2nd period - Slapshot by Marc Michaelis.
2:48 of 2nd period - Deflect By Grant Besse.
2:48 of 2nd period - Stopped by Maxime Lagace without a rebound.
2:49 of 2nd period - Jacob De La Rose wins face-off versus Logan Brown in Marlies zone.
3:37 of 2nd period - Wrist shot by Marc Michaelis.
3:37 of 2nd period - Stopped by Maxime Lagace with a rebound.
3:39 of 2nd period - Wrist shot by Kevin Rooney.
3:39 of 2nd period - Stopped by Maxime Lagace with a rebound.
3:57 of 2nd period - Rasmus Dahlin is hit by Carl Grundstrom and loses puck.
4:18 of 2nd period - Slapshot by Pierre-Olivier Joseph.
4:18 of 2nd period - Shot Misses the Net.
4:20 of 2nd period - Slapshot by Brendan Guhle.
4:20 of 2nd period - Stopped by David Rittich without a rebound.
4:21 of 2nd period - Christoph Bertschy wins face-off versus Aleksi Saarela in Senators zone.
4:44 of 2nd period - Minor Penalty to Aleksi Saarela for Roughing.
4:45 of 2nd period - Christoph Bertschy wins face-off versus Colton Sissons in Marlies zone.
6:02 of 2nd period - Off-side.
6:03 of 2nd period - Alex Formenton wins face-off versus Christoph Bertschy in neutral zone.
6:44 of 2nd period - Penalty to Aleksi Saarela is over, Aleksi Saarela is back on ice.
6:59 of 2nd period - Snap shot by Rasmus Dahlin.
6:59 of 2nd period - Shot Blocked by Keegan Lowe.
7:13 of 2nd period - Snap shot by Matthew Highmore.
7:13 of 2nd period - Shot Misses the Net.
7:15 of 2nd period - Snap shot by Hugh McGing.
7:15 of 2nd period - Shot Misses the Net.
7:17 of 2nd period - Wrist shot by Hugh McGing.
7:17 of 2nd period - Stopped by David Rittich without a rebound.
7:18 of 2nd period - Arttu Ruotsalainen wins face-off versus Colton Sissons in Senators zone.
8:26 of 2nd period - Wrist shot by Pierre-Olivier Joseph.
8:26 of 2nd period - Shot Blocked by Keegan Lowe.
8:51 of 2nd period - Mason Geertsen is hit by Pierre-Olivier Joseph and loses puck.
9:06 of 2nd period - Rasmus Dahlin is hit by Zachary Sanford and loses puck.
9:17 of 2nd period - Snap shot by Christoph Bertschy.
9:17 of 2nd period - Shot Misses the Net.
9:49 of 2nd period - Wrist shot by Marc Michaelis.
9:49 of 2nd period - Shot Misses the Net.
9:51 of 2nd period - Slapshot by Nikita Nesterov.
9:51 of 2nd period - Shot Blocked by Tobias Lindberg.
9:53 of 2nd period - Slapshot by Joonas Lyytinen.
9:53 of 2nd period - Deflect By Grant Besse.
9:53 of 2nd period - Stopped by Maxime Lagace without a rebound.
9:54 of 2nd period - Christoph Bertschy wins face-off versus Matthew Highmore in Marlies zone.
10:11 of 2nd period - Mason Appleton is hit by Pierre-Olivier Joseph and loses puck.
10:24 of 2nd period - Tobias Lindberg is hit by Christoph Bertschy and loses puck.
10:43 of 2nd period - Wrist shot by Mason Appleton.
10:43 of 2nd period - Stopped by Maxime Lagace without a rebound.
10:44 of 2nd period - Aleksi Saarela wins face-off versus Jacob De La Rose in Marlies zone.
10:55 of 2nd period - Wrist shot by Aleksi Saarela.
10:55 of 2nd period - Stopped by David Rittich with a rebound.
10:57 of 2nd period - Slapshot by Brendan Guhle.
10:57 of 2nd period - Deflect By Martin Necas.
10:57 of 2nd period - Goal by Martin Necas - Senators : 1 - Marlies : 4.
10:58 of 2nd period - Christoph Bertschy wins face-off versus Aleksi Saarela in neutral zone.
11:19 of 2nd period - Minor Penalty to Zachary Sanford for Hooking.
11:20 of 2nd period - Colton Sissons wins face-off versus Christoph Bertschy in Senators zone.
12:06 of 2nd period - Joonas Lyytinen is hit by Colton Sissons and loses puck.
12:51 of 2nd period - Mathieu Olivier is hit by Jordan Schmaltz and loses puck.
13:19 of 2nd period - Penalty to Zachary Sanford is over, Zachary Sanford is back on ice.
13:35 of 2nd period - Slapshot by Keegan Lowe.
13:35 of 2nd period - Deflect By Kevin Rooney.
13:35 of 2nd period - Stopped by Maxime Lagace without a rebound.
13:36 of 2nd period - Kevin Rooney wins face-off versus Matthew Highmore in Marlies zone.
14:09 of 2nd period - Slapshot by Alex Formenton.
14:09 of 2nd period - Stopped by David Rittich with a rebound.
14:28 of 2nd period - Minor Penalty to Aleksi Saarela for Interference.
14:29 of 2nd period - Christoph Bertschy wins face-off versus Tyler Benson in Marlies zone.
14:31 of 2nd period - Slapshot by Mason Appleton.
14:31 of 2nd period - Stopped by Maxime Lagace without a rebound.
14:32 of 2nd period - Christoph Bertschy wins face-off versus Colton Sissons in Marlies zone.
14:33 of 2nd period - Slapshot by Zachary Sanford.
14:33 of 2nd period - Shot Misses the Net.
14:35 of 2nd period - Slapshot by Keegan Lowe.
14:35 of 2nd period - Stopped by Maxime Lagace with a rebound.
14:37 of 2nd period - Snap shot by Jordan Schmaltz.
14:37 of 2nd period - Shot Misses the Net.
14:39 of 2nd period - Snap shot by Mason Appleton.
14:39 of 2nd period - Stopped by Maxime Lagace with a rebound.
15:11 of 2nd period - Off-side.
15:12 of 2nd period - Jacob De La Rose wins face-off versus Logan Brown in neutral zone.
15:53 of 2nd period - Snap shot by Logan Brown.
15:53 of 2nd period - Stopped by David Rittich without a rebound.
15:54 of 2nd period - Logan Brown wins face-off versus Jacob De La Rose in Senators zone.
16:02 of 2nd period - Minor Penalty to C.J Suess for Tripping.
16:03 of 2nd period - Colton Sissons wins face-off versus Christoph Bertschy in Senators zone.
16:03 of 2nd period - Slapshot by Pierre-Olivier Joseph.
16:03 of 2nd period - Stopped by David Rittich with a rebound.
16:05 of 2nd period - Wrist shot by Colton Sissons.
16:05 of 2nd period - Shot Blocked by Keegan Lowe.
16:07 of 2nd period - Snap shot by Martin Necas.
16:07 of 2nd period - Stopped by David Rittich without a rebound.
16:08 of 2nd period - Colton Sissons wins face-off versus Christoph Bertschy in Senators zone.
16:28 of 2nd period - Penalty to Aleksi Saarela is over, Aleksi Saarela is back on ice.
17:22 of 2nd period - Off-side.
17:23 of 2nd period - Joel Farabee wins face-off versus Christoph Bertschy in neutral zone.
17:37 of 2nd period - Jacob De La Rose is hit by Matthew Highmore and loses puck.
18:02 of 2nd period - Penalty to C.J Suess is over, C.J Suess is back on ice.
18:14 of 2nd period - Snap shot by Anton Karlsson.
18:14 of 2nd period - Stopped by Maxime Lagace without a rebound.
18:15 of 2nd period - Kole Sherwood wins face-off versus Arttu Ruotsalainen in Marlies zone.
18:15 of 2nd period - Kole Sherwood is hit by Jonas Siegenthaler.
18:41 of 2nd period - Hugh McGing is hit by Jacob De La Rose and loses puck.
19:12 of 2nd period - Wrist shot by Zachary Sanford.
19:12 of 2nd period - Stopped by Maxime Lagace with a rebound.
19:14 of 2nd period - Snap shot by Mason Appleton.
19:14 of 2nd period - Shot Blocked by Tyler Benson.
19:30 of 2nd period - Martin Necas is hit by Kevin Rooney and loses puck.
Goals for this period are 0 for Senators vs 2 for Marlies.
Shots for this period are 11 for Senators vs 11 for Marlies.
3rd period
0:01 of 3rd period - Christoph Bertschy wins face-off versus Aleksi Saarela in neutral zone.
0:14 of 3rd period - Backhand shot by Christoph Bertschy.
0:14 of 3rd period - Shot Misses the Net.
0:56 of 3rd period - Snap shot by Pierre-Olivier Joseph.
0:56 of 3rd period - Stopped by David Rittich without a rebound.
0:57 of 3rd period - Aleksi Saarela wins face-off versus Christoph Bertschy in Senators zone.
1:24 of 3rd period - Joonas Lyytinen is hit by Alex Formenton and loses puck.
1:29 of 3rd period - Wrist shot by Alex Formenton.
1:29 of 3rd period - Goal by Alex Formenton - Senators : 1 - Marlies : 5.
1:30 of 3rd period - Aleksi Saarela wins face-off versus Christoph Bertschy in neutral zone.
1:37 of 3rd period - Wrist shot by Aleksi Saarela.
1:37 of 3rd period - Shot Misses the Net.
1:39 of 3rd period - Slapshot by Joel Farabee.
1:39 of 3rd period - Stopped by David Rittich with a rebound.
1:41 of 3rd period - Wrist shot by Brendan Guhle.
1:41 of 3rd period - Shot Misses the Net.
1:55 of 3rd period - Colton Sissons is hit by Jacob De La Rose and loses puck.
2:04 of 3rd period - Jacob De La Rose is hit by Mathieu Olivier and loses puck.
2:25 of 3rd period - Slapshot by Jordan Schmaltz.
2:25 of 3rd period - Stopped by Maxime Lagace without a rebound.
2:26 of 3rd period - Aleksi Saarela wins face-off versus Christoph Bertschy in Marlies zone.
2:51 of 3rd period - Tyler Benson is hit by Jacob De La Rose and loses puck.
3:12 of 3rd period - Grant Besse is hit by Pierre-Olivier Joseph and loses puck.
3:41 of 3rd period - Wrist shot by Mason Appleton.
3:41 of 3rd period - Stopped by Maxime Lagace with a rebound.
3:43 of 3rd period - Wrist shot by Christoph Bertschy.
3:43 of 3rd period - Shot Misses the Net.
3:45 of 3rd period - Snap shot by Zachary Sanford.
3:45 of 3rd period - Stopped by Maxime Lagace without a rebound.
3:46 of 3rd period - Colton Sissons wins face-off versus Jacob De La Rose in Marlies zone.
3:59 of 3rd period - Snap shot by Colton Sissons.
3:59 of 3rd period - Stopped by David Rittich without a rebound.
4:00 of 3rd period - Christoph Bertschy wins face-off versus Aleksi Saarela in Senators zone.
4:07 of 3rd period - Aleksi Saarela is hit by Zachary Sanford and loses puck.
4:26 of 3rd period - Jordan Schmaltz is hit by Kole Sherwood and loses puck.
4:33 of 3rd period - Snap shot by Logan Brown.
4:33 of 3rd period - Stopped by David Rittich without a rebound.
4:34 of 3rd period - Colton Sissons wins face-off versus Jacob De La Rose in Senators zone.
5:07 of 3rd period - Wrist shot by Marc Michaelis.
5:07 of 3rd period - Shot Misses the Net.
5:09 of 3rd period - Slapshot by Nikita Nesterov.
5:09 of 3rd period - Stopped by Maxime Lagace with a rebound.
5:19 of 3rd period - Arttu Ruotsalainen is hit by Kole Sherwood and loses puck.
6:06 of 3rd period - Wrist shot by C.J Suess.
6:06 of 3rd period - Shot Misses the Net.
6:34 of 3rd period - Snap shot by Marc Michaelis.
6:34 of 3rd period - Shot Misses the Net.
6:36 of 3rd period - Slapshot by Jonas Siegenthaler.
6:36 of 3rd period - Deflect By Keaton Thompson.
6:36 of 3rd period - Stopped by Maxime Lagace without a rebound.
6:37 of 3rd period - Christoph Bertschy wins face-off versus Aleksi Saarela in Marlies zone.
6:47 of 3rd period - Minor Penalty to Christoph Bertschy for Tripping.
6:48 of 3rd period - Kevin Rooney wins face-off versus Colton Sissons in Senators zone.
8:47 of 3rd period - Penalty to Christoph Bertschy is over, Christoph Bertschy is back on ice.
9:25 of 3rd period - Snap shot by Christoph Bertschy.
9:25 of 3rd period - Deflect By Arttu Ruotsalainen.
9:25 of 3rd period - Stopped by Maxime Lagace with a rebound.
10:22 of 3rd period - Slapshot by Brendan Guhle.
10:22 of 3rd period - Stopped by David Rittich with a rebound.
10:56 of 3rd period - Keegan Lowe is hit by Jeff Corbett and loses puck.
11:09 of 3rd period - Jordan Schmaltz is hit by Logan Brown.
11:38 of 3rd period - Wrist shot by Hugh McGing.
11:38 of 3rd period - Stopped by David Rittich with a rebound.
11:50 of 3rd period - Slapshot by Pierre-Olivier Joseph.
11:50 of 3rd period - Shot Misses the Net.
11:52 of 3rd period - Slapshot by Brendan Guhle.
11:52 of 3rd period - Shot Blocked by Jacob De La Rose.
12:08 of 3rd period - Mason Geertsen is hit by Pierre-Olivier Joseph and loses puck.
12:52 of 3rd period - Jordan Schmaltz is hit by Mathieu Olivier and loses puck.
13:09 of 3rd period - Keegan Lowe is hit by Joel Farabee and loses puck.
13:30 of 3rd period - Logan Brown is hit by Arttu Ruotsalainen and loses puck.
13:52 of 3rd period - Zachary Sanford is hit by Matthew Highmore.
13:56 of 3rd period - Mason Appleton is hit by Rasmus Dahlin.
14:11 of 3rd period - Tomas Hyka is hit by Jeff Corbett.
14:15 of 3rd period - Brendan Guhle is hit by Tomas Hyka and loses puck.
14:35 of 3rd period - Aleksi Saarela is hit by Carl Grundstrom and loses puck.
15:09 of 3rd period - Carl Grundstrom is hit by Hugh McGing and loses puck.
15:13 of 3rd period - Icing by Nikita Nesterov.
15:14 of 3rd period - Matthew Highmore wins face-off versus Jacob De La Rose in Senators zone.
15:19 of 3rd period - Snap shot by Pierre-Olivier Joseph.
15:19 of 3rd period - Stopped by David Rittich without a rebound.
15:20 of 3rd period - Aleksi Saarela wins face-off versus Christoph Bertschy in Senators zone.
15:23 of 3rd period - Backhand shot by Martin Necas.
15:23 of 3rd period - Shot Blocked by Keegan Lowe.
15:25 of 3rd period - Wrist shot by Aleksi Saarela.
15:25 of 3rd period - Shot Misses the Net.
15:27 of 3rd period - Slapshot by Pierre-Olivier Joseph.
15:27 of 3rd period - Stopped by David Rittich with a rebound.
15:31 of 3rd period - Snap shot by Aleksi Saarela.
15:31 of 3rd period - Deflect By Joel Farabee.
15:31 of 3rd period - Shot Misses the Net.
15:31 of 3rd period - Puck is out of play.
15:32 of 3rd period - Christoph Bertschy wins face-off versus Aleksi Saarela in Senators zone.
16:05 of 3rd period - Wrist shot by Logan Brown.
16:05 of 3rd period - Shot Misses the Net.
16:07 of 3rd period - Slapshot by Brendan Guhle.
16:07 of 3rd period - Stopped by David Rittich with a rebound.
16:29 of 3rd period - Wrist shot by Marc Michaelis.
16:29 of 3rd period - Stopped by Maxime Lagace without a rebound.
16:30 of 3rd period - Joel Farabee wins face-off versus Christoph Bertschy in Marlies zone.
16:36 of 3rd period - Off-side.
16:37 of 3rd period - Christoph Bertschy wins face-off versus Aleksi Saarela in neutral zone.
17:04 of 3rd period - Snap shot by Jacob De La Rose.
17:04 of 3rd period - Deflect By Carl Grundstrom.
17:04 of 3rd period - Stopped by Maxime Lagace without a rebound.
17:05 of 3rd period - Colton Sissons wins face-off versus Jacob De La Rose in Marlies zone.
17:05 of 3rd period - Colton Sissons is hit by Carl Grundstrom.
17:08 of 3rd period - Minor Penalty to Colton Sissons for Holding.
17:09 of 3rd period - Christoph Bertschy wins face-off versus Tyler Benson in Marlies zone.
17:13 of 3rd period - Snap shot by Christoph Bertschy.
17:13 of 3rd period - Shot Misses the Net.
17:15 of 3rd period - Snap shot by Zachary Sanford.
17:15 of 3rd period - Stopped by Maxime Lagace without a rebound.
17:16 of 3rd period - Logan Brown wins face-off versus Christoph Bertschy in Marlies zone.
17:21 of 3rd period - Slapshot by Tyler Benson.
17:21 of 3rd period - Shot Misses the Net.
18:08 of 3rd period - Snap shot by Zachary Sanford.
18:08 of 3rd period - Stopped by Maxime Lagace with a rebound.
18:14 of 3rd period - Backhand shot by Christoph Bertschy.
18:14 of 3rd period - Shot Misses the Net.
18:43 of 3rd period - Slapshot by Mason Appleton.
18:43 of 3rd period - Deflect By Brendan Guhle.
18:43 of 3rd period - Shot Blocked by Brendan Guhle.
18:43 of 3rd period - Puck is out of play.
18:44 of 3rd period - Aleksi Saarela wins face-off versus Jacob De La Rose in Marlies zone.
19:08 of 3rd period - Penalty to Colton Sissons is over, Colton Sissons is back on ice.
19:34 of 3rd period - Snap shot by Anton Karlsson.
19:34 of 3rd period - Shot Blocked by Tyler Benson.
19:44 of 3rd period - Snap shot by Anton Karlsson.
19:44 of 3rd period - Shot Blocked by Jeff Corbett.
19:54 of 3rd period - Colton Sissons is hit by Mason Geertsen and loses puck.
Goals for this period are 0 for Senators vs 1 for Marlies.
Shots for this period are 10 for Senators vs 10 for Marlies.